 Dungeon Crawl Stone Soup version 0.24.0-125-gc4c63601f3 (webtiles) character file.

Game seed: 17694945207812506020, levelgen mode: deterministic

7868 LordColdy the Basher (level 11, 0/148 HPs)
             Began as a Minotaur Berserker on Feb 23, 2020.
             Was a High Priest of Trog.
             Slain by a yak (2 damage)
             ... on level 1 of the Lair of Beasts.
             The game lasted 00:38:29 (10446 turns).

LordColdy the Basher (Minotaur Berserker)          Turns: 10446, Time: 00:38:30

Health: 0/148      AC: 23    Str: 26    XL:     11   Next: 2%
Magic:  10/10      EV: 12    Int:  4    God:    Trog [*****.]
Gold:   296        SH:  0    Dex: 17    Spells: 10/10 levels left

rFire    . . .     SeeInvis .   O - +2 flail (protect)
rCold    . . .     Gourm    .   (no shield)
rNeg     . . .     Faith    .   Q - +0 plate armour
rPois    +         Spirit   .   (helmet restricted)
rElec    .         Reflect  .   J - +0 cloak {rPois}
rCorr    .         Harm     .   (no gloves)
MR       .....                  (no boots)
Stlth    ..........             k - amulet of rage
HPRegen  0.34/turn              D - +2 ring of evasion
MPRegen  0.12/turn              g - +3 ring of dexterity

@: berserking, protection aura, very quick
A: retaliatory headbutt, horns 2
a: Berserk, Trog's Hand, Brothers in Arms, Renounce Religion, Evoke Berserk Rage


You were on level 1 of the Lair of Beasts.
You worshipped Trog.
Trog was extremely pleased with you.
You were hungry.

You visited 3 branches of the dungeon, and saw 12 of its levels.
You also visited: Sewer.

You collected 296 gold pieces.

Inventory:

Hand Weapons
 d - a +1 whip of venom
 L - a +1 antimagic flail
 O - a +2 flail of protection (weapon)
Armour
 J - a +0 cloak of poison resistance (worn)
 Q - a +0 plate armour (worn)
Jewellery
 g - a +3 ring of dexterity (right hand)
 k - an amulet of rage (around neck)
 t - an uncursed ring of flight
 y - a +2 ring of evasion
 D - a +2 ring of evasion (left hand)
 E - a +5 ring of intelligence
Wands
 q - a wand of acid (4)
 C - a wand of disintegration (16)
 H - a wand of iceblast (10)
 M - a wand of random effects (15)
Scrolls
 b - a scroll of blinking {unknown}
 e - 5 scrolls of teleportation
 f - a scroll of random uselessness {unknown}
 h - a scroll of magic mapping
 i - 8 scrolls of identify
 m - 2 scrolls of fear
 n - 4 scrolls of enchant armour {unknown}
 s - 2 scrolls of amnesia
 u - a scroll of fog
 A - a scroll of enchant weapon {unknown}
 I - 2 scrolls of remove curse
 K - a scroll of noise {unknown}
 N - a scroll of vulnerability {unknown}
Potions
 a - 2 potions of heal wounds
 j - 2 potions of lignification {unknown}
 l - 2 potions of haste {unknown}
 o - 2 potions of cancellation {unknown}
 p - a potion of flight {unknown}
 r - 2 potions of resistance {unknown}
 v - a potion of ambrosia {unknown}
 w - 3 potions of curing
 x - a potion of brilliance {unknown}
 z - a potion of degeneration {unknown}
 B - a potion of might {unknown}
 F - a potion of berserk rage {unknown}
 G - 3 potions of magic {unknown}
Comestibles
 c - 15 rations
 P - 6 chunks of flesh


   Skills:
 * Level 10.0 Fighting
 - Level 14.0 Maces & Flails
 + Level 10.8 Armour
 + Level 3.7 Dodging
 - Level 0.6 Evocations


You had 10 spell levels left.
You didn't know any spells.
Your spell library was empty.

Dungeon Overview and Level Annotations

Branches:
Dungeon (10/15)            Temple (1/1) D:5            Lair (1/6) D:9
  Sewer (visited)
    Orc: D:9-12

Altars:
Ashenzari
Cheibriados
Dithmenos
Elyvilon
Fedhas
Gozag
Hepliaklqana
Kikubaaqudgha
Makhleb
Nemelex Xobeh
Okawaru
Qazlal
Ru
Sif Muna
Trog
Uskayaw
Vehumet
Wu Jian
Xom
Yredelemnul
Zin
The Shining One

Shops:
D:8 (

Annotations:
D:7 3 runed translucent doors, Amplified's ghost, novice OpFi
D:9 1 runed translucent door, dogstar's ghost, novice KoBe


Innate Abilities, Weirdness & Mutations

You reflexively headbutt those who attack you in melee.
You have a pair of horns on your head.


Message History

Okay, then.
You bludgeon the yak!!
You kill the yak!
Trog accepts your kill.
You barely miss the yak. You headbutt the yak.
The yak is moderately wounded.
The yak barely misses you.
The yak gores you but does no damage. x2
You bludgeon the yak!!
You kill the yak!
Trog accepts your kill.
Your Fighting skill increases to level 10!
You have reached level 11!
You bludgeon the yak!!
The yak is almost dead.
The yak closely misses you. You furiously retaliate!
You headbutt the yak. You bludgeon the yak!!
You kill the yak!
Trog accepts your kill. The yak gores you.
You die...

#....##.##.#
#...........
####...........
...[.≈.≈......#
....≈≈≈≈≈≈.≈.P#
...≈≈≈≈≈≈≈≈≈.#
..≈≈≈≈≈≈≈≈≈≈.#
...≈≈≈†)†≈≈≈≈#
.#.≈≈≈†@†≈≈≈.#
#≈≈≈≈..Y≈≈≈≈#
..≈≈≈≈≈≈≈≈≈≈.#
#..≈≈≈≈≈≈≈≈≈.#
###.≈≈≈≈≈≈...#
##...≈≈....#
#.#......##
###.......


You could see a yak.

Vanquished Creatures
  An unseen horror (D:8)
  Maurice (D:8)
  Psyche (D:9)
  A gargoyle (Lair:1)
  A troll (D:9)
  2 hippogriffs
  A spriggan (D:7)
  Grum (D:9)
  7 yaks (Lair:1)
  A hungry ghost (D:8)
  A water moccasin (D:8)
  Duvessa (D:7)
  2 orc warriors
  4 sky beasts
  Purgy (Sewer)
  4 ice beasts
  A black bear (D:8)
  2 phantoms
  3 ogres
  2 necrophages
  4 wolves
  A centaur (D:6)
  2 bullfrogs (D:7)
  Blork the orc (D:6)
  Dowan (D:7)
  2 scorpions
  6 killer bees (D:9)
  5 wights (D:8)
  A bullfrog zombie (D:7)
  A crimson imp (D:9)
  8 orc wizards
  11 orc priests
  3 hounds
  A jelly (D:7)
  A centaur skeleton (D:7)
  4 iguanas
  5 worker ants
  A hound skeleton (D:5)
  A worker ant zombie (D:5)
  A howler monkey skeleton (D:9)
  7 adders
  4 shadow imps
  An adder zombie (D:7)
  3 adder skeletons
  7 worms
  2 dart slugs
  7 leopard geckos
  35 orcs
  4 ball pythons
  8 giant cockroaches
  5 goblins
  10 hobgoblins
  10 jackals
  6 quokkas
  5 bats
  7 frilled lizards
  8 kobolds
  5 rats
232 creatures vanquished.

Vanquished Creatures (collateral kills)
  An orc (D:9)
1 creature vanquished.

Grand Total: 233 creatures vanquished

Notes
Turn   | Place    | Note
-------+----------+-------------------------------------------
     0 | D:1      | LordColdy the Minotaur Berserker began the quest for the
                  | Orb.
     0 | D:1      | Reached XP level 1. HP: 19/19 MP: 0/0
   161 | D:1      | Reached skill level 4 in Maces & Flails
   186 | D:1      | Reached XP level 2. HP: 27/27 MP: 1/1
   709 | D:1      | Reached XP level 3. HP: 33/33 MP: 2/2
  1079 | D:2      | Reached skill level 5 in Maces & Flails
  1159 | D:2      | Reached ** piety under Trog
  1358 | D:2      | Found an ornate altar of the Wu Jian Council.
  1881 | D:3      | Reached XP level 4. HP: 36/40 MP: 3/3
  1892 | D:3      | Reached skill level 6 in Maces & Flails
  2082 | D:3      | Reached XP level 5. HP: 45/46 MP: 4/4
  2410 | D:4      | Found a glowing drain.
  2412 | D:4      | Reached skill level 7 in Maces & Flails
  2502 | D:4      | Found a hazy altar of Hepliaklqana.
  2503 | D:4      | Found a shimmering altar of Xom.
  2503 | D:4      | Noticed a yak
  2504 | D:4      | Noticed a spectral ugly thing
  2504 | D:4      | Noticed a yak
  2684 | D:4      | Found a glowing silver altar of Zin.
  3033 | Sewer    | Entered a sewer
  3086 | Sewer    | Noticed Purgy
  3110 | Sewer    | Killed Purgy
  3110 | Sewer    | Reached skill level 8 in Maces & Flails
  3110 | Sewer    | Reached XP level 6. HP: 22/52 MP: 5/5
  3304 | Sewer    | Reached *** piety under Trog
  3365 | D:5      | Entered Level 5 of the Dungeon
  3375 | D:5      | Noticed an ice beast
  3386 | D:5      | Killed an ice beast
  3492 | D:5      | Noticed a sky beast
  3504 | D:5      | Killed a sky beast
  3504 | D:5      | Reached skill level 9 in Maces & Flails
  3582 | D:5      | Found a shimmering blue altar of Sif Muna.
  3685 | D:5      | Reached XP level 7. HP: 58/58 MP: 6/6
  3712 | D:5      | Identified Sif Muna's Reference Book on Malediction
  3714 | D:6      | Noticed Blork the orc
  3725 | D:6      | Killed Blork the orc
  3725 | D:6      | Reached skill level 10 in Maces & Flails
  4030 | D:6      | Reached skill level 11 in Maces & Flails
  4293 | D:6      | Reached XP level 8. HP: 59/66 MP: 7/7
  4654 | D:5      | Reached skill level 12 in Maces & Flails
  4752 | D:5      | Found an opulent altar of Gozag.
  4929 | D:5      | Reached **** piety under Trog
  4964 | D:5      | Found a blossoming altar of Fedhas.
  4981 | D:5      | Found a staircase to the Ecumenical Temple.
  5338 | Temple   | Entered the Ecumenical Temple
  6262 | D:7      | Noticed Duvessa
  6263 | D:7      | Noticed Dowan
  6335 | D:7      | Reached skill level 13 in Maces & Flails
  6750 | D:7      | Reached XP level 9. HP: 52/71 MP: 8/8
  7076 | D:7      | Found a runed translucent gate.
  7076 | D:7      | Found a runed translucent gate.
  7076 | D:7      | Found a runed translucent gate.
  7082 | D:7      | Noticed Amplified's ghost (novice OpFi)
  7090 | D:7      | Reached skill level 14 in Maces & Flails
  7316 | D:7      | Killed Duvessa
  7322 | D:7      | Killed Dowan
  7813 | D:8      | Killed an unseen horror
  7813 | D:8      | Reached skill level 5 in Fighting
  7813 | D:8      | Reached skill level 5 in Armour
  7981 | D:8      | Noticed Maurice
  7992 | D:8      | HP: 4/112 [acid (13)]
  7995 | D:8      | Killed Maurice
  7997 | D:8      | HP: 3/117 [poisoned by Maurice]
  7998 | D:8      | HP: 1/78 [poisoned by Maurice]
  8372 | D:8      | Found Mesh's Weapon Boutique.
  8430 | D:8      | Reached XP level 10. HP: 55/86 MP: 9/9
  8773 | D:8      | Reached ***** piety under Trog
  9293 | D:9      | Noticed Grum
  9620 | D:9      | Received a gift from Trog
  9640 | D:9      | Killed Grum
  9789 | D:10     | Entered Level 10 of the Dungeon
 10300 | D:9      | Found a runed translucent door.
 10300 | D:9      | Noticed dogstar's ghost (novice KoBe)
 10330 | D:9      | Noticed Psyche
 10337 | D:9      | Killed Psyche
 10337 | D:9      | Reached skill level 10 in Armour
 10392 | D:9      | Found a staircase to the Lair.
 10402 | D:9      | Noticed a gargoyle
 10409 | Lair:1   | Entered Level 1 of the Lair of Beasts
 10415 | Lair:1   | Killed a gargoyle
 10440 | Lair:1   | HP: 4/139 [yak (4)]
 10441 | Lair:1   | HP: 1/139 [yak (3)]
 10444 | Lair:1   | Reached skill level 10 in Fighting
 10444 | Lair:1   | Reached XP level 11. HP: 1/99 MP: 10/10
 10446 | Lair:1   | Slain by a yak

Levels and vault maps discovered:
D:1:      minmay_arrival_semitransparent, layout_basic
D:2:      layout_basic, old_standard_altar
D:3:      layout_loops_ring
D:4:      layout_loops_ring, regret_index_temple_of_mockery, zin_treasury,
          cheibrodos_sewer_entry_drain
D:5:      layout_basic, overflow_temple_1_default, lemuel_round_altar,
          led_sif_book, temple_hall, first_ration
D:6:      layout_basic, eino_small_chamber_without_monster, uniq_blork_the_orc
D:7:      layout_loops_cross, gammafunk_ghost_necromancy, the_bakery,
          uniq_duvessa
D:8:      layout_basic, serial_shops, shop_statue, uniq_maurice
D:9:      layout_cross, lair_entry_dummy, gammafunk_ghost_grave, uniq_psyche,
          uniq_grum
D:10:     layout_long_grid, zombieorc2_lemuel
Temple:   minmay_freezing_vapour_temple
Lair:1:   layout_chaotic_city, infiniplex_staircase_pool_2, uniq_nergalle

Skill      XL: |  1  2  3  4  5  6  7  8  9 10 |
---------------+-------------------------------+-----
Maces & Flails | 4 5 6 8 9 11 13 14 | 14.0
Fighting       | 7 10 | 10.0
Armour         | 7 10 | 10.8
Dodging        | 3 |  3.7
Evocations     | |  0.6

Action                   |  1- 3 |  4- 6 |  7- 9 | 10-12 || total
-------------------------+-------+-------+-------+-------++-------
Melee: Mace              |     9 |       |       |       ||     9
       Whip              |    76 |   127 |   375 |   142 ||   720
       Headbutt          |    16 |    29 |    83 |    56 ||   184
       Flail             |       |       |       |    82 ||    82
Invok: Berserk           |       |       |     5 |     4 ||     9
       Brothers in Arms  |       |       |       |     1 ||     1
 Abil: Evoke Flight      |       |       |     1 |       ||     1
  Use: Scroll            |       |     7 |       |     1 ||     8
       Potion            |       |       |     2 |     2 ||     4
 Stab: Invisible         |       |       |       |     4 ||     4
  Eat: Chunk             |     3 |     2 |    21 |     6 ||    32
       Ration            |       |     1 |       |     1 ||     2
Armor: Animal skin       |     3 |       |       |       ||     3
       Leather armour    |     7 |       |       |       ||     7
       Ring mail         |     5 |    15 |       |       ||    20
       Chain mail        |       |    42 |   108 |    64 ||   214
       Plate armour      |       |       |       |    52 ||    52
Dodge: Dodged            |    49 |    51 |    82 |   137 ||   319
